 Dungeon Crawl Stone Soup version 0.30-a0-779-g7971cf19c3 (webtiles) character file.

Game seed: 14623517069858375938

144 Ijustatesigmund the Digger (level 5, 0/32 HPs)
             Began as a Gargoyle Earth Elementalist on Feb 17, 2023.
             Splashed by a jelly's acid (5 damage)
             ... on level 4 of the Dungeon.
             The game lasted 00:04:43 (2884 turns).

Ijustatesigmund the Digger (GrEE)                   Turns: 2884, Time: 00:04:44

Health: 0/32       AC:  8    Str: 17    XL:     5   Next: 27%
Magic:  0/8        EV: 11    Int: 18    God:
Gold:   244        SH:  0    Dex: 10    Spells: 4/8 levels left

rFire   . . .      SeeInvis .    c - +0 mace
rCold   + . .      Faith    .    (no shield)
rNeg    + . .      Spirit   .    a - +0 robe
rPois   ∞          Reflect  .    (no helmet)
rElec   +          Harm     .    (no cloak)
rCorr   .          Rampage  .    (no gloves)
Will    .....                    f - +1 pair of boots
Stlth   ++                       (no amulet)
HPRegen 0.25/turn                g - ring of protection from cold
MPRegen 0.11/turn                h - +6 ring of strength

@: no status effects
A: sickness immunity, AC +4, negative energy resistance 1, electricity
resistance, torment resistance 1, petrification resistance
a: no special abilities


You were on level 4 of the Dungeon.
You visited 1 branch of the dungeon, and saw 4 of its levels.

You collected 244 gold pieces.

Inventory:

Hand Weapons
 c - a +0 mace (weapon)
Armour
 a - a +0 robe (worn)
 f - a +1 pair of boots (worn)
Jewellery
 g - a ring of protection from cold (left hand)
 h - a +6 ring of strength (right hand)
 l - a ring of flight
Scrolls
 d - 3 scrolls of identify
 e - a scroll of poison
 m - a scroll of vulnerability {unknown}
Potions
 b - a potion of magic
 i - a potion of degeneration {unknown}
 j - a potion of heal wounds
 n - 2 potions of mutation {unknown}


   Skills:
 + Level 3.2 Fighting
 + Level 2.8 Maces & Flails
 - Level 1.5 Dodging
 - Level 2.1 Stealth
 - Level 2.0 Spellcasting
 + Level 1.7 Transmutations
 - Level 3.6 Earth Magic


You had 4 spell levels left.
You knew the following spells:

 Your Spells              Type           Power      Damage    Failure   Level
a - Sandblast             Erth           28%        2d8       4%          1
b - Stone Arrow           Conj/Erth      16%        3d8       26%         3

Your spell library contained the following spells:

 Spells                   Type           Power      Damage    Failure   Level
 Passwall                 Tmut/Erth      9%         N/A       9%          2
 Wereblood                Tmut           8%         N/A       13%         2
 Magic Dart               Conj           4%         1d3       19%         1
 Call Imp                 Summ           1%         N/A       26%         2
 Mephitic Cloud           Conj/Pois/Air  1%         N/A       47%         3
 Petrify                  Tmut/Erth      11%        N/A       52%         4
 Summon Hydra             Summ           0%         N/A       100%        7
 Sublimation of Blood     Necr           Unusable   N/A       N/A         2

Dungeon Overview and Level Annotations

Branches:
Dungeon (4/15)
 Temple: D:4-7

Altars:
Nemelex Xobeh
Wu Jian


Innate Abilities, Weirdness & Mutations

You are immune to sickness and miasma.
Your stone body is resilient. (AC +4)
You are immune to poison.
You resist negative energy. (rN+)
You are resistant to electric shocks. (rElec)
You are resistant to unholy torment.
You are immune to petrification.


Message History

Confirm with . or Enter, or press ? or * to list all spells.
Aiming: Sandblast (safe; 4% risk of failure)
Press: ? - help, Shift-Dir - straight line, f/p - iguana
Aim: an iguana (severely wounded, 84% to hit)
The blast of sand hits the iguana but does no damage.
The iguana is severely wounded.
The iguana completely misses you. The iguana bites you!
* * * LOW HITPOINT WARNING * * *
Okay, then.
It was a potion of heal wounds.
You feel much better. The iguana bites you!
Casting: Sandblast (safe; 4% risk of failure)
Confirm with . or Enter, or press ? or * to list all spells.
Aiming: Sandblast (safe; 4% risk of failure)
Press: ? - help, Shift-Dir - straight line, f/p - iguana
Aim: an iguana (severely wounded, 84% to hit)
The blast of sand hits the iguana.
The iguana is almost dead.
The iguana bites you.
Casting: Sandblast (safe; 4% risk of failure)
Confirm with . or Enter, or press ? or * to list all spells.
Aiming: Sandblast (safe; 4% risk of failure)
Press: ? - help, Shift-Dir - straight line, f/p - iguana
Aim: an iguana (almost dead, 84% to hit)
The blast of sand hits the iguana!
You kill the iguana!
The jelly hits you but does no damage.
The air fills with toxic fumes!
As you read the scroll labelled LACIEHAROULI, it crumbles to dust.
It was a scroll of poison.
The jelly barely misses you. The jelly attacks as you move away!
The jelly hits you.
You are splashed with acid!
* * * LOW HITPOINT WARNING * * *
As you read the scroll labelled TUALUP UVIAM, it crumbles to dust.
You hear a loud clanging noise!
It was a scroll of noise.
You hear a shout! x8
The jelly hits you.
* * * LOW HITPOINT WARNING * * *
You are splashed with acid.
You die...

## #. ###J ## #.#.# ... ..#
#.#.# ###§#######§# #.#.#
#§§§..§J@§§§###.#.#
#§#§####§#§§§...#.#
.###.#.............#.#
5...................>######.
......?.....................
####........#......#.#######
........#####......#.#
####.#.## #......#.# #.#.
#......#.#


You could see a jelly.

Vanquished Creatures
  An iguana (D:4)
  4 adders
  A worm (D:3)
  4 dart slugs
  3 orcs (D:3)
  4 ball pythons
  3 bats
  7 endoplasms
  3 giant cockroaches (D:1)
  10 goblins
  5 hobgoblins
  6 quokkas
  4 frilled lizards (D:1)
  7 kobolds
  6 rats (D:1)
68 creatures vanquished.

Notes
Turn   | Place    | Note
-------+----------+-------------------------------------------
     0 | D:1      | Ijustatesigmund the Gargoyle Earth Elementalist began the
                  | quest for the Orb.
     0 | D:1      | Reached XP level 1. HP: 10/10 MP: 3/3
   131 | D:1      | Reached skill level 1 in Fighting
   158 | D:1      | Reached XP level 2. HP: 16/16 MP: 3/5
   229 | D:1      | Reached skill level 1 in Maces & Flails
   463 | D:1      | Reached XP level 3. HP: 20/21 MP: 1/6
  1157 | D:2      | Learned a level 3 spell: Stone Arrow
  1679 | D:3      | Reached skill level 1 in Transmutations
  1679 | D:3      | Reached XP level 4. HP: 25/27 MP: 4/7
  2236 | D:3      | Found a sparkling altar of Nemelex Xobeh.
  2309 | D:3      | Found an ornate altar of the Wu Jian Council.
  2792 | D:4      | Reached XP level 5. HP: 32/32 MP: 5/8
  2862 | D:4      | Noticed a lemure
  2884 | D:4      | Splashed by a jelly's acid

Illustrated notes

Levels and vault maps discovered:
D:1:      roderic_dead_forest, layout_basic, chequers_garden,
          minmay_misc_feat_rows, st_stairs_3, minmay_misc_feat_rugged
D:2:      layout_loops_ring
D:3:      layout_loops_ring, mainiacjoe_overflow_six_doors_small,
          nemelex_dance_club_becter
D:4:      layout_basic, mainiacjoe_overflow_catwalk, serial_shops, shop,
          uniq_grinder, uniq_eustachio, uniq_pikel

Skill      XL: |  1  2  3  4 |
---------------+-------------+-----
Fighting       | 1 2 3 |  3.2
Maces & Flails | 1 2 |  2.8
Transmutations | 1 |  1.7
Dodging        | |  1.5
Stealth        | |  2.1
Spellcasting   | |  2.0
Earth Magic    | |  3.6

Action                     |  1- 3 |  4- 6 || total
---------------------------+-------+-------++-------
  Melee: Mace              |     7 |     7 ||    14
   Cast: Sandblast         |    52 |    52 ||   104
         Stone Arrow       |       |     1 ||     1
    Use: Scroll            |     4 |     2 ||     6
         Potion            |       |     1 ||     1
 Armour: Robe              |    10 |    13 ||    23
  Dodge: Dodged            |    11 |    16 ||    27

Table legend: (Time is in decaauts)
 A = Elapsed time spent in this place.
 B = Non-inter-level travel time spent in this place.
 C = Inter-level travel time spent in this place.
 D = Time resting spent in this place.
 E = Time spent auto-exploring this place.
 F = Levels seen in this place.
 G = Mean time per level.
                   A        B        C        D        E       F      G
               +--------+--------+--------+--------+--------+-----+--------+
         Total |   2938 |   2884 |     54 |    166 |   2313 |   4 |  734.5 |
       Dungeon |   2938 |   2884 |     54 |    166 |   2313 |   4 |  734.5 |
               +--------+--------+--------+--------+--------+-----+--------+

Top non-repeatable levels by time:
     D:3: 1084 daAuts
     D:1: 1061 daAuts
     D:2: 628 daAuts
     D:4: 163 daAuts
